AoeStats
← OctopusRewind

Arena

510844346Analyzed
1v1 RM · 6h ago on Oct 2, 2026· 67m 44s· 2 players
Game mode
Random Map
Map size
Tiny (2 player)
Population
200
Speed
Normal
Resources
Standard
Victory
Conquest
Starting age
Dark Age
Ending age
Imperial Age
RankedLock teamsTeams togetherTeam positionsShared explorationLock speedFull tech treeHidden civsTurbo modeCheats
Victory
Defeat
🇪🇸 Franks · Spain
448
+13
🇺🇸 Varangians · United States
373
-13
maister
0:26 Loom
13:19 Feudal Age
14:37 Wheelbarrow
13:56 Double-Bit Axe
14:38 Gold Mining
18:28 Town Watch
18:38 Stone Mining
19:05 Man-at-Arms
19:31 Arson
23:08 Castle Age
23:15 Castle Age
26:29 Hand Cart
25:40 Crossbowman
25:42 Light Cavalry
26:23 Husbandry
27:40 Husbandry
27:55 Squires
28:01 Long Swordsman
37:17 Imperial Age
34:59 Murder Holes
34:56 Guard Tower
35:27 Ballistics
35:28 Gambesons
37:23 Gold Shaft Mining
36:29 Elite Skirmisher
37:50 Ordonnance Companies
44:42 Chemistry
43:27 Arrowslits
43:54 Masonry
43:49 Siege Engineers
43:56 Fortified Wall
43:26 Treadmill Crane
44:11 Fervor
45:52 Cavalier
49:27 Onager
53:39 Conscription
53:19 Chivalry
52:48 Two-Handed Swordsman
52:49 Pikeman
53:52 Paladin
55:09 Town Patrol
56:35 Architecture
56:17 Forging
56:07 Scale Mail Armor
56:12 Scale Barding Armor
55:57 Fletching
56:07 Padded Archer Armor
66:28 Elite Throwing Axeman
67:44 Hoardings
OctopusRewind
2:16 Loom
14:42 Feudal Age
15:59 Man-at-Arms
16:24 Arson
18:04 Wheelbarrow
17:15 Town Watch
21:29 Scale Mail Armor
21:40 Forging
21:32 Padded Archer Armor
21:38 Scale Barding Armor
22:31 Fletching
28:43 Castle Age
28:28 Horse Collar
28:35 Double-Bit Axe
28:42 Gold Mining
29:45 Husbandry
29:09 Light Cavalry
29:13 Elite Skirmisher
29:51 Gambesons
31:36 Chain Mail Armor
31:56 Iron Casting
32:02 Bodkin Arrow
32:30 Pikeman
33:12 Squires
32:49 Long Swordsman
34:37 Bow Saw
37:05 Heavy Plow
36:59 Stone Mining
36:41 Crossbowman
38:24 Hand Cart
40:49 Town Patrol
42:54 Chain Barding Armor
44:35 Leather Archer Armor
46:04 Vendel Legacy
48:47 Stone Shaft Mining
52:16 Imperial Age
52:45 Imperial Age
51:08 Bloodlines
54:05 Plate Mail Armor
54:07 Cranequins
54:23 Two-Handed Swordsman
54:32 Cavalier
54:34 Capped Ram
55:54 Siege Ram
56:39 Elite Jarl
56:54 Gothikon
59:35 Plate Barding Armor
59:32 Ring Archer Armor
59:03 Bracer
61:57 Blast Furnace
61:59 Conscription
62:21 Heavy Mounted Crossbowman
66:02 Two-Man Saw
65:34 Crop Rotation
Connection lost

Rejoining the realm…

Still unreachable

The connection could not be restored.

Session expired

The server has moved on; the page needs a fresh start.